%YAML 1.1
%TAG !u! tag:unity3d.com,2011:
--- !u!1 &2152292039835104871
GameObject:
  m_ObjectHideFlags: 0
  m_CorrespondingSourceObject: {fileID: 0}
  m_PrefabInstance: {fileID: 0}
  m_PrefabAsset: {fileID: 0}
  serializedVersion: 6
  m_Component:
  - component: {fileID: 2152292039835104870}
  m_Layer: 6
  m_Name: wall rotated green ready
  m_TagString: Untagged
  m_Icon: {fileID: 0}
  m_NavMeshLayer: 0
  m_StaticEditorFlags: 0
  m_IsActive: 1
--- !u!4 &2152292039835104870
Transform:
  m_ObjectHideFlags: 0
  m_CorrespondingSourceObject: {fileID: 0}
  m_PrefabInstance: {fileID: 0}
  m_PrefabAsset: {fileID: 0}
  m_GameObject: {fileID: 2152292039835104871}
  m_LocalRotation: {x: 0, y: 0, z: 0, w: 1}
  m_LocalPosition: {x: -56.732185, y: 0, z: 54.21515}
  m_LocalScale: {x: 1, y: 1, z: 1}
  m_ConstrainProportionsScale: 0
  m_Children:
  - {fileID: 1897356064655331708}
  - {fileID: 1897356063687512954}
  m_Father: {fileID: 0}
  m_RootOrder: 0
  m_LocalEulerAnglesHint: {x: 0, y: 0, z: 0}
--- !u!1001 &2152292038782727831
PrefabInstance:
  m_ObjectHideFlags: 0
  serializedVersion: 2
  m_Modification:
    m_TransformParent: {fileID: 2152292039835104870}
    m_Modifications:
    - target: {fileID: -8679921383154817045, guid: bde6eaad6e9a48e43a5685b2954f5638,
        type: 3}
      propertyPath: m_RootOrder
      value: 0
      objectReference: {fileID: 0}
    - target: {fileID: -8679921383154817045, guid: bde6eaad6e9a48e43a5685b2954f5638,
        type: 3}
      propertyPath: m_LocalPosition.x
      value: 0
      objectReference: {fileID: 0}
    - target: {fileID: -8679921383154817045, guid: bde6eaad6e9a48e43a5685b2954f5638,
        type: 3}
      propertyPath: m_LocalPosition.y
      value: 0
      objectReference: {fileID: 0}
    - target: {fileID: -8679921383154817045, guid: bde6eaad6e9a48e43a5685b2954f5638,
        type: 3}
      propertyPath: m_LocalPosition.z
      value: 0
      objectReference: {fileID: 0}
    - target: {fileID: -8679921383154817045, guid: bde6eaad6e9a48e43a5685b2954f5638,
        type: 3}
      propertyPath: m_LocalRotation.w
      value: -0.00000019470718
      objectReference: {fileID: 0}
    - target: {fileID: -8679921383154817045, guid: bde6eaad6e9a48e43a5685b2954f5638,
        type: 3}
      propertyPath: m_LocalRotation.x
      value: -6.123233e-17
      objectReference: {fileID: 0}
    - target: {fileID: -8679921383154817045, guid: bde6eaad6e9a48e43a5685b2954f5638,
        type: 3}
      propertyPath: m_LocalRotation.y
      value: 1
      objectReference: {fileID: 0}
    - target: {fileID: -8679921383154817045, guid: bde6eaad6e9a48e43a5685b2954f5638,
        type: 3}
      propertyPath: m_LocalRotation.z
      value: 6.123233e-17
      objectReference: {fileID: 0}
    - target: {fileID: -8679921383154817045, guid: bde6eaad6e9a48e43a5685b2954f5638,
        type: 3}
      propertyPath: m_LocalEulerAnglesHint.x
      value: 0
      objectReference: {fileID: 0}
    - target: {fileID: -8679921383154817045, guid: bde6eaad6e9a48e43a5685b2954f5638,
        type: 3}
      propertyPath: m_LocalEulerAnglesHint.y
      value: 0
      objectReference: {fileID: 0}
    - target: {fileID: -8679921383154817045, guid: bde6eaad6e9a48e43a5685b2954f5638,
        type: 3}
      propertyPath: m_LocalEulerAnglesHint.z
      value: 0
      objectReference: {fileID: 0}
    - target: {fileID: 919132149155446097, guid: bde6eaad6e9a48e43a5685b2954f5638,
        type: 3}
      propertyPath: m_Name
      value: wall rotated 1x1 green
      objectReference: {fileID: 0}
    - target: {fileID: 919132149155446097, guid: bde6eaad6e9a48e43a5685b2954f5638,
        type: 3}
      propertyPath: m_Layer
      value: 6
      objectReference: {fileID: 0}
    m_RemovedComponents: []
  m_SourcePrefab: {fileID: 100100000, guid: bde6eaad6e9a48e43a5685b2954f5638, type: 3}
--- !u!1 &1233726698743565254 stripped
GameObject:
  m_CorrespondingSourceObject: {fileID: 919132149155446097, guid: bde6eaad6e9a48e43a5685b2954f5638,
    type: 3}
  m_PrefabInstance: {fileID: 2152292038782727831}
  m_PrefabAsset: {fileID: 0}
--- !u!54 &854022662
Rigidbody:
  m_ObjectHideFlags: 0
  m_CorrespondingSourceObject: {fileID: 0}
  m_PrefabInstance: {fileID: 0}
  m_PrefabAsset: {fileID: 0}
  m_GameObject: {fileID: 1233726698743565254}
  serializedVersion: 2
  m_Mass: 1
  m_Drag: 0
  m_AngularDrag: 0.05
  m_UseGravity: 1
  m_IsKinematic: 0
  m_Interpolate: 0
  m_Constraints: 122
  m_CollisionDetection: 0
--- !u!65 &854022663
BoxCollider:
  m_ObjectHideFlags: 0
  m_CorrespondingSourceObject: {fileID: 0}
  m_PrefabInstance: {fileID: 0}
  m_PrefabAsset: {fileID: 0}
  m_GameObject: {fileID: 1233726698743565254}
  m_Material: {fileID: 0}
  m_IsTrigger: 0
  m_Enabled: 1
  serializedVersion: 2
  m_Size: {x: 1.4361916, y: 2, z: 1.441173}
  m_Center: {x: 0.5505527, y: 1, z: 0.7205865}
--- !u!114 &854022661
MonoBehaviour:
  m_ObjectHideFlags: 0
  m_CorrespondingSourceObject: {fileID: 0}
  m_PrefabInstance: {fileID: 0}
  m_PrefabAsset: {fileID: 0}
  m_GameObject: {fileID: 1233726698743565254}
  m_Enabled: 1
  m_EditorHideFlags: 0
  m_Script: {fileID: 11500000, guid: 84acdbaca5b6447097feb36c07eef96b, type: 3}
  m_Name: 
  m_EditorClassIdentifier: 
  BuildPartLevel: 2
  HP: 0
  _objectToOff: {fileID: 0}
--- !u!4 &1897356064655331708 stripped
Transform:
  m_CorrespondingSourceObject: {fileID: -8679921383154817045, guid: bde6eaad6e9a48e43a5685b2954f5638,
    type: 3}
  m_PrefabInstance: {fileID: 2152292038782727831}
  m_PrefabAsset: {fileID: 0}
--- !u!1001 &2152292039750481041
PrefabInstance:
  m_ObjectHideFlags: 0
  serializedVersion: 2
  m_Modification:
    m_TransformParent: {fileID: 2152292039835104870}
    m_Modifications:
    - target: {fileID: -8679921383154817045, guid: f01c67b51c7040540a5375b93ad16366,
        type: 3}
      propertyPath: m_RootOrder
      value: 1
      objectReference: {fileID: 0}
    - target: {fileID: -8679921383154817045, guid: f01c67b51c7040540a5375b93ad16366,
        type: 3}
      propertyPath: m_LocalPosition.x
      value: 0
      objectReference: {fileID: 0}
    - target: {fileID: -8679921383154817045, guid: f01c67b51c7040540a5375b93ad16366,
        type: 3}
      propertyPath: m_LocalPosition.y
      value: 0
      objectReference: {fileID: 0}
    - target: {fileID: -8679921383154817045, guid: f01c67b51c7040540a5375b93ad16366,
        type: 3}
      propertyPath: m_LocalPosition.z
      value: 0
      objectReference: {fileID: 0}
    - target: {fileID: -8679921383154817045, guid: f01c67b51c7040540a5375b93ad16366,
        type: 3}
      propertyPath: m_LocalRotation.w
      value: 1
      objectReference: {fileID: 0}
    - target: {fileID: -8679921383154817045, guid: f01c67b51c7040540a5375b93ad16366,
        type: 3}
      propertyPath: m_LocalRotation.x
      value: -0
      objectReference: {fileID: 0}
    - target: {fileID: -8679921383154817045, guid: f01c67b51c7040540a5375b93ad16366,
        type: 3}
      propertyPath: m_LocalRotation.y
      value: -0
      objectReference: {fileID: 0}
    - target: {fileID: -8679921383154817045, guid: f01c67b51c7040540a5375b93ad16366,
        type: 3}
      propertyPath: m_LocalRotation.z
      value: -0
      objectReference: {fileID: 0}
    - target: {fileID: -8679921383154817045, guid: f01c67b51c7040540a5375b93ad16366,
        type: 3}
      propertyPath: m_LocalEulerAnglesHint.x
      value: 0
      objectReference: {fileID: 0}
    - target: {fileID: -8679921383154817045, guid: f01c67b51c7040540a5375b93ad16366,
        type: 3}
      propertyPath: m_LocalEulerAnglesHint.y
      value: 0
      objectReference: {fileID: 0}
    - target: {fileID: -8679921383154817045, guid: f01c67b51c7040540a5375b93ad16366,
        type: 3}
      propertyPath: m_LocalEulerAnglesHint.z
      value: 0
      objectReference: {fileID: 0}
    - target: {fileID: -8102486501414165905, guid: f01c67b51c7040540a5375b93ad16366,
        type: 3}
      propertyPath: m_Layer
      value: 7
      objectReference: {fileID: 0}
    - target: {fileID: -4325251983376043406, guid: f01c67b51c7040540a5375b93ad16366,
        type: 3}
      propertyPath: m_Layer
      value: 7
      objectReference: {fileID: 0}
    - target: {fileID: 919132149155446097, guid: f01c67b51c7040540a5375b93ad16366,
        type: 3}
      propertyPath: m_Name
      value: wall rotated 1x1 green destroyed
      objectReference: {fileID: 0}
    - target: {fileID: 919132149155446097, guid: f01c67b51c7040540a5375b93ad16366,
        type: 3}
      propertyPath: m_Layer
      value: 7
      objectReference: {fileID: 0}
    - target: {fileID: 919132149155446097, guid: f01c67b51c7040540a5375b93ad16366,
        type: 3}
      propertyPath: m_IsActive
      value: 0
      objectReference: {fileID: 0}
    - target: {fileID: 4868935440134739202, guid: f01c67b51c7040540a5375b93ad16366,
        type: 3}
      propertyPath: m_Layer
      value: 7
      objectReference: {fileID: 0}
    - target: {fileID: 6013364581940594754, guid: f01c67b51c7040540a5375b93ad16366,
        type: 3}
      propertyPath: m_Layer
      value: 7
      objectReference: {fileID: 0}
    - target: {fileID: 6222170358162089423, guid: f01c67b51c7040540a5375b93ad16366,
        type: 3}
      propertyPath: m_Layer
      value: 7
      objectReference: {fileID: 0}
    m_RemovedComponents: []
  m_SourcePrefab: {fileID: 100100000, guid: f01c67b51c7040540a5375b93ad16366, type: 3}
--- !u!1 &1319648425795770110 stripped
GameObject:
  m_CorrespondingSourceObject: {fileID: -8102486501414165905, guid: f01c67b51c7040540a5375b93ad16366,
    type: 3}
  m_PrefabInstance: {fileID: 2152292039750481041}
  m_PrefabAsset: {fileID: 0}
--- !u!54 &465690190
Rigidbody:
  m_ObjectHideFlags: 0
  m_CorrespondingSourceObject: {fileID: 0}
  m_PrefabInstance: {fileID: 0}
  m_PrefabAsset: {fileID: 0}
  m_GameObject: {fileID: 1319648425795770110}
  serializedVersion: 2
  m_Mass: 1
  m_Drag: 0
  m_AngularDrag: 0.05
  m_UseGravity: 1
  m_IsKinematic: 0
  m_Interpolate: 0
  m_Constraints: 0
  m_CollisionDetection: 0
--- !u!65 &465690191
BoxCollider:
  m_ObjectHideFlags: 0
  m_CorrespondingSourceObject: {fileID: 0}
  m_PrefabInstance: {fileID: 0}
  m_PrefabAsset: {fileID: 0}
  m_GameObject: {fileID: 1319648425795770110}
  m_Material: {fileID: 0}
  m_IsTrigger: 0
  m_Enabled: 1
  serializedVersion: 2
  m_Size: {x: 0.5261096, y: 1.4647429, z: 0.37491193}
  m_Center: {x: 0.03294581, y: -0.17209107, z: -0.017176881}
--- !u!114 &465690189
MonoBehaviour:
  m_ObjectHideFlags: 0
  m_CorrespondingSourceObject: {fileID: 0}
  m_PrefabInstance: {fileID: 0}
  m_PrefabAsset: {fileID: 0}
  m_GameObject: {fileID: 1319648425795770110}
  m_Enabled: 1
  m_EditorHideFlags: 0
  m_Script: {fileID: 11500000, guid: c5ff0eb8410e400d8f069da1c3a35d6f, type: 3}
  m_Name: 
  m_EditorClassIdentifier: 
--- !u!4 &1897356063687512954 stripped
Transform:
  m_CorrespondingSourceObject: {fileID: -8679921383154817045, guid: f01c67b51c7040540a5375b93ad16366,
    type: 3}
  m_PrefabInstance: {fileID: 2152292039750481041}
  m_PrefabAsset: {fileID: 0}
--- !u!1 &5442579042463977822 stripped
GameObject:
  m_CorrespondingSourceObject: {fileID: 6222170358162089423, guid: f01c67b51c7040540a5375b93ad16366,
    type: 3}
  m_PrefabInstance: {fileID: 2152292039750481041}
  m_PrefabAsset: {fileID: 0}
--- !u!54 &854022673
Rigidbody:
  m_ObjectHideFlags: 0
  m_CorrespondingSourceObject: {fileID: 0}
  m_PrefabInstance: {fileID: 0}
  m_PrefabAsset: {fileID: 0}
  m_GameObject: {fileID: 5442579042463977822}
  serializedVersion: 2
  m_Mass: 1
  m_Drag: 0
  m_AngularDrag: 0.05
  m_UseGravity: 1
  m_IsKinematic: 0
  m_Interpolate: 0
  m_Constraints: 0
  m_CollisionDetection: 0
--- !u!65 &854022674
BoxCollider:
  m_ObjectHideFlags: 0
  m_CorrespondingSourceObject: {fileID: 0}
  m_PrefabInstance: {fileID: 0}
  m_PrefabAsset: {fileID: 0}
  m_GameObject: {fileID: 5442579042463977822}
  m_Material: {fileID: 0}
  m_IsTrigger: 0
  m_Enabled: 1
  serializedVersion: 2
  m_Size: {x: 1.0177515, y: 1.0230366, z: 1.0712787}
  m_Center: {x: -0.100636154, y: -0.020429552, z: 0.068659976}
--- !u!114 &854022672
MonoBehaviour:
  m_ObjectHideFlags: 0
  m_CorrespondingSourceObject: {fileID: 0}
  m_PrefabInstance: {fileID: 0}
  m_PrefabAsset: {fileID: 0}
  m_GameObject: {fileID: 5442579042463977822}
  m_Enabled: 1
  m_EditorHideFlags: 0
  m_Script: {fileID: 11500000, guid: c5ff0eb8410e400d8f069da1c3a35d6f, type: 3}
  m_Name: 
  m_EditorClassIdentifier: 
--- !u!1 &5669390979221060819 stripped
GameObject:
  m_CorrespondingSourceObject: {fileID: 6013364581940594754, guid: f01c67b51c7040540a5375b93ad16366,
    type: 3}
  m_PrefabInstance: {fileID: 2152292039750481041}
  m_PrefabAsset: {fileID: 0}
--- !u!54 &854022670
Rigidbody:
  m_ObjectHideFlags: 0
  m_CorrespondingSourceObject: {fileID: 0}
  m_PrefabInstance: {fileID: 0}
  m_PrefabAsset: {fileID: 0}
  m_GameObject: {fileID: 5669390979221060819}
  serializedVersion: 2
  m_Mass: 1
  m_Drag: 0
  m_AngularDrag: 0.05
  m_UseGravity: 1
  m_IsKinematic: 0
  m_Interpolate: 0
  m_Constraints: 0
  m_CollisionDetection: 0
--- !u!65 &854022671
BoxCollider:
  m_ObjectHideFlags: 0
  m_CorrespondingSourceObject: {fileID: 0}
  m_PrefabInstance: {fileID: 0}
  m_PrefabAsset: {fileID: 0}
  m_GameObject: {fileID: 5669390979221060819}
  m_Material: {fileID: 0}
  m_IsTrigger: 0
  m_Enabled: 1
  serializedVersion: 2
  m_Size: {x: 1.0912064, y: 1.3431691, z: 0.96405554}
  m_Center: {x: -0.06615193, y: -0.10011864, z: 0.06898482}
--- !u!114 &854022669
MonoBehaviour:
  m_ObjectHideFlags: 0
  m_CorrespondingSourceObject: {fileID: 0}
  m_PrefabInstance: {fileID: 0}
  m_PrefabAsset: {fileID: 0}
  m_GameObject: {fileID: 5669390979221060819}
  m_Enabled: 1
  m_EditorHideFlags: 0
  m_Script: {fileID: 11500000, guid: c5ff0eb8410e400d8f069da1c3a35d6f, type: 3}
  m_Name: 
  m_EditorClassIdentifier: 
--- !u!1 &6784642087958300387 stripped
GameObject:
  m_CorrespondingSourceObject: {fileID: -4325251983376043406, guid: f01c67b51c7040540a5375b93ad16366,
    type: 3}
  m_PrefabInstance: {fileID: 2152292039750481041}
  m_PrefabAsset: {fileID: 0}
--- !u!54 &702619285
Rigidbody:
  m_ObjectHideFlags: 0
  m_CorrespondingSourceObject: {fileID: 0}
  m_PrefabInstance: {fileID: 0}
  m_PrefabAsset: {fileID: 0}
  m_GameObject: {fileID: 6784642087958300387}
  serializedVersion: 2
  m_Mass: 1
  m_Drag: 0
  m_AngularDrag: 0.05
  m_UseGravity: 1
  m_IsKinematic: 0
  m_Interpolate: 0
  m_Constraints: 0
  m_CollisionDetection: 0
--- !u!65 &702619286
BoxCollider:
  m_ObjectHideFlags: 0
  m_CorrespondingSourceObject: {fileID: 0}
  m_PrefabInstance: {fileID: 0}
  m_PrefabAsset: {fileID: 0}
  m_GameObject: {fileID: 6784642087958300387}
  m_Material: {fileID: 0}
  m_IsTrigger: 0
  m_Enabled: 1
  serializedVersion: 2
  m_Size: {x: 0.88472754, y: 1.157522, z: 1.2747405}
  m_Center: {x: -0.024209052, y: 0.09397192, z: 0.00747332}
--- !u!114 &702619284
MonoBehaviour:
  m_ObjectHideFlags: 0
  m_CorrespondingSourceObject: {fileID: 0}
  m_PrefabInstance: {fileID: 0}
  m_PrefabAsset: {fileID: 0}
  m_GameObject: {fileID: 6784642087958300387}
  m_Enabled: 1
  m_EditorHideFlags: 0
  m_Script: {fileID: 11500000, guid: c5ff0eb8410e400d8f069da1c3a35d6f, type: 3}
  m_Name: 
  m_EditorClassIdentifier: 
--- !u!1 &6795813952085352851 stripped
GameObject:
  m_CorrespondingSourceObject: {fileID: 4868935440134739202, guid: f01c67b51c7040540a5375b93ad16366,
    type: 3}
  m_PrefabInstance: {fileID: 2152292039750481041}
  m_PrefabAsset: {fileID: 0}
--- !u!54 &405901507
Rigidbody:
  m_ObjectHideFlags: 0
  m_CorrespondingSourceObject: {fileID: 0}
  m_PrefabInstance: {fileID: 0}
  m_PrefabAsset: {fileID: 0}
  m_GameObject: {fileID: 6795813952085352851}
  serializedVersion: 2
  m_Mass: 1
  m_Drag: 0
  m_AngularDrag: 0.05
  m_UseGravity: 1
  m_IsKinematic: 0
  m_Interpolate: 0
  m_Constraints: 0
  m_CollisionDetection: 0
--- !u!65 &405901508
BoxCollider:
  m_ObjectHideFlags: 0
  m_CorrespondingSourceObject: {fileID: 0}
  m_PrefabInstance: {fileID: 0}
  m_PrefabAsset: {fileID: 0}
  m_GameObject: {fileID: 6795813952085352851}
  m_Material: {fileID: 0}
  m_IsTrigger: 0
  m_Enabled: 1
  serializedVersion: 2
  m_Size: {x: 1.0746564, y: 1.0340054, z: 0.51179206}
  m_Center: {x: 0.059679806, y: -0.043921337, z: -0.05020237}
--- !u!114 &405901506
MonoBehaviour:
  m_ObjectHideFlags: 0
  m_CorrespondingSourceObject: {fileID: 0}
  m_PrefabInstance: {fileID: 0}
  m_PrefabAsset: {fileID: 0}
  m_GameObject: {fileID: 6795813952085352851}
  m_Enabled: 1
  m_EditorHideFlags: 0
  m_Script: {fileID: 11500000, guid: c5ff0eb8410e400d8f069da1c3a35d6f, type: 3}
  m_Name: 
  m_EditorClassIdentifier: 
